 Dungeon Crawl Stone Soup version 0.31-a0-177-g4aa6249778 (webtiles) character file.

Game seed: 12538972778488737933

333 qw the Shooter (level 6, -2/57 HPs)
             Began as a Naga Hunter on June 18, 2023.
             Slain by a killer bee (4 damage)
             ... on level 4 of the Dungeon.
             The game lasted 00:01:11 (2826 turns).

qw the Shooter (Naga Hunter)                        Turns: 2826, Time: 00:01:12

Health: -2/57      AC:  5    Str: 13    XL:     6   Next: 53%
Magic:  6/6        EV:  9    Int:  9    God:
Gold:   212        SH:  5    Dex: 17    Spells: 5/5 levels left

rFire   . . .        Y - +0 arbalest
rCold   + + .        (shield currently unavailable)
rNeg    . . .        c - +0 leather armour
rPois   +            l - +0 helmet
rElec   .            (no cloak)
rCorr   .            b - +0 pair of gloves
SInv    +            (no barding)
Will    .....        k - amulet of reflection
Stlth   ++           i - ring of protection from cold
HPRegen 0.29/turn    j - ring of protection from cold
MPRegen 0.10/turn

%: reflection
@: lethally poisoned (-2 -> -2), short of breath, very slow
A: AC +2, large, see invisible, deformed body, poison resistance, slowness 2,
spit poison 1, naga tail 1
a: Spit Poison


You were on level 4 of the Dungeon.
You visited 1 branch of the dungeon, and saw 5 of its levels.

You collected 212 gold pieces.


Innate Abilities, Weirdness & Mutations

Your serpentine skin is tough. (AC +2)
You have supernaturally acute eyesight. (SInv)
Armour fits poorly on your strangely shaped body.
Your system is resistant to poisons. (rPois)
You cover ground very slowly.
You can spit poison.
You have a snake-like lower body.


   Skills:
 + Level 3.8 Fighting
 - Level 6.2 Ranged Weapons
 - Level 1.5 Dodging
 - Level 1.5 Stealth


You had 5 spell levels left.
You didn't know any spells.
Your spell library was empty.

Inventory:

Hand Weapons
 Y - a +0 arbalest (weapon)
Armour
 b - a +0 pair of gloves (worn)
 c - a +0 leather armour (worn)
 l - a +0 helmet (worn)
Jewellery
 i - a ring of protection from cold (left hand)
 j - a ring of protection from cold (right hand)
 k - an amulet of reflection (around neck)
Scrolls
 a - a scroll of identify
Potions
 d - a potion of haste
 e - a potion of resistance {unknown}
 f - a potion of lignification {unknown}
 g - 3 potions of curing

Dungeon Overview and Level Annotations

Branches:
Dungeon (5/15)
 Temple: D:4-7

Altars:
Makhleb
Ru

Shops:
D:2 :   D:4 =

Annotations:
D:3 3 runed translucent doors, qw's ghost, weakling GrHu


Message History

Enter note:
Enter note:
Enter note:
Enter note: You shoot a bolt.
The bolt barely misses the killer bee.
The killer bee barely misses you. The killer bee completely misses you.
The killer bee stings you but does no damage. x2
The killer bee barely misses you. The killer bee stings you.
You are poisoned.
The killer bee poisons you! The killer bee stings you.
The killer bee closely misses you. The killer bee barely misses you.
You shoot a bolt.
The bolt hits the killer bee but does no damage.
You feel very sick. The killer bee barely misses you.
You block the killer bee's attack. The killer bee stings you.
The killer bee closely misses you.
The killer bee stings you but does no damage. x3
You block the killer bee's attack. The killer bee closely misses you.
The killer bee misses you. The killer bee stings you.
The killer bee stings you but does no damage.
You shoot a bolt. The bolt barely misses the killer bee.
You have got your breath back.
You feel sick. The killer bee completely misses you.
The killer bee closely misses you. The killer bee stings you.
The killer bee closely misses you. x2
The killer bee stings you but does no damage.
The killer bee stings you. The killer bee stings you!
The killer bee stings you.
2825 ||| INVOKING Spit Poison.
Aiming: Spit Poison (1% risk of failure)
Press: ? - help, Shift-Dir - straight line, f/p - killer bee The splash of poison hits the killer bee!
The killer bee is severely wounded.
You feel sick.
The killer bee stings you but does no damage.
You block the killer bee's attack. The killer bee stings you.
The killer bee stings you but does no damage. x3
You shoot a bolt. The bolt misses the killer bee.
You feel sick. You block the killer bee's attack.
The killer bee closely misses you. The killer bee stings you.
You die...

######
###..#.##
##....##
#
##.[....#
#
#.......#
#
#.......#
#
#.......#
#.......#
#y.....##
#y@....#
##y....#
#....##
#....#
##...#
#..##
####


You could see 3 killer bees.

Vanquished Creatures
  A black bear (D:4)
  A killer bee (D:5)
  A jelly (D:4)
  An orc wizard (D:3)
  Robin (D:3)
  3 adders
  A worm (D:4)
  5 dart slugs
  4 orcs (D:3)
  7 endoplasms
  3 giant cockroaches
  16 goblins
  9 hobgoblins
  4 quokkas
  11 ball pythons
  7 bats
  2 frilled lizards
  3 kobolds
  5 rats
85 creatures vanquished.

Notes
Turn   | Place    | Note
-------+----------+-------------------------------------------
     0 | D:1      | qw the Naga Hunter began the quest for the Orb.
     0 | D:1      | Reached XP level 1. HP: 19/19 MP: 1/1
     0 | D:1      | 0 ||| qw: Version: 0.3-a-7-ge0c9b40
     0 | D:1      | 0 ||| qw: Game counter: 850
     0 | D:1      | 0 ||| qw: Always use a shield: true
     0 | D:1      | 0 ||| qw: God list: Okawaru
     0 | D:1      | 0 ||| qw: Allow faded altars: false
     0 | D:1      | 0 ||| qw: Do Orc after D:15 true
     0 | D:1      | 0 ||| qw: Do second Lair branch before Depths: true
     0 | D:1      | 0 ||| qw: Lair rune preference: random
     0 | D:1      | 0 ||| qw: Plans: Normal
     0 | D:1      | 0 ||| PLANNING D:1-11
    16 | D:1      | 16 ||| INVOKING Spit Poison.
    30 | D:1      | 30 ||| INVOKING Spit Poison.
   129 | D:1      | 129 ||| INVOKING Spit Poison.
   135 | D:1      | 135 ||| INVOKING Spit Poison.
   140 | D:1      | 140 ||| DROPPING scroll of butterflies.
   144 | D:1      | 144 ||| INVOKING Spit Poison.
   145 | D:1      | Reached skill level 4 in Ranged Weapons
   145 | D:1      | Reached XP level 2. HP: 26/26 MP: 2/2
   213 | D:1      | 213 ||| INVOKING Spit Poison.
   236 | D:1      | 236 ||| INVOKING Spit Poison.
   241 | D:1      | 241 ||| INVOKING Spit Poison.
   246 | D:1      | 246 ||| INVOKING Spit Poison.
   295 | D:1      | 295 ||| INVOKING Spit Poison.
   296 | D:1      | 296 ||| INVOKING Spit Poison.
   299 | D:1      | 299 ||| INVOKING Spit Poison.
   323 | D:1      | 323 ||| INVOKING Spit Poison.
   327 | D:1      | 327 ||| INVOKING Spit Poison.
   328 | D:1      | 328 ||| INVOKING Spit Poison.
   460 | D:1      | 460 ||| INVOKING Spit Poison.
   613 | D:1      | 613 ||| READING 2 scrolls labelled MONE ZOROEM.
   614 | D:1      | 614 ||| READING scroll labelled YZOGEF FAIT.
   615 | D:1      | 615 ||| READING scroll labelled FOUSA OGETHRET.
   618 | D:1      | 618 ||| READING scroll labelled YHAULO MESYH.
   643 | D:2      | 643 ||| INVOKING Spit Poison.
   644 | D:2      | Reached XP level 3. HP: 32/32 MP: 3/3
   652 | D:2      | 652 ||| INVOKING Spit Poison.
   696 | D:2      | 696 ||| INVOKING Spit Poison.
   723 | D:2      | 723 ||| INVOKING Spit Poison.
   733 | D:2      | 733 ||| INVOKING Spit Poison.
   740 | D:2      | 740 ||| INVOKING Spit Poison.
   743 | D:2      | 743 ||| INVOKING Spit Poison.
   749 | D:2      | 749 ||| INVOKING Spit Poison.
   774 | D:2      | 774 ||| INVOKING Spit Poison.
   778 | D:2      | 778 ||| INVOKING Spit Poison.
   779 | D:2      | 779 ||| INVOKING Spit Poison.
   943 | D:2      | 943 ||| INVOKING Spit Poison.
  1083 | D:2      | 1083 ||| INVOKING Spit Poison.
  1086 | D:2      | 1086 ||| INVOKING Spit Poison.
  1087 | D:2      | Reached skill level 5 in Ranged Weapons
  1087 | D:2      | Reached XP level 4. HP: 39/39 MP: 4/4
  1140 | D:2      | Found Ycost's Book Boutique.
  1175 | D:2      | 1175 ||| INVOKING Spit Poison.
  1211 | D:2      | 1211 ||| INVOKING Spit Poison.
  1339 | D:2      | Found a faded altar of an unknown god.
  1343 | D:2      | 1343 ||| UPGRADING to amulet of reflection.
  1348 | D:2      | 1348 ||| UPGRADING to ring of protection from cold.
  1349 | D:2      | 1349 ||| DRINKING 2 murky clear potions.
  1354 | D:2      | 1354 ||| DROPPING potion of ambrosia.
  1390 | D:3      | 1390 ||| INVOKING Spit Poison.
  1395 | D:3      | 1395 ||| INVOKING Spit Poison.
  1425 | D:3      | 1425 ||| INVOKING Spit Poison.
  1469 | D:3      | 1469 ||| INVOKING Spit Poison.
  1489 | D:3      | 1489 ||| INVOKING Spit Poison.
  1504 | D:3      | 1504 ||| INVOKING Spit Poison.
  1505 | D:3      | Noticed Robin
  1506 | D:3      | 1506 ||| Stepping ~*~*~tactically~*~*~ (outnumbered).
  1507 | D:3      | 1507 ||| INVOKING Spit Poison.
  1509 | D:3      | 1509 ||| Stepping ~*~*~tactically~*~*~ (outnumbered).
  1510 | D:3      | 1510 ||| Stepping ~*~*~tactically~*~*~ (outnumbered).
  1511 | D:3      | 1511 ||| Stepping ~*~*~tactically~*~*~ (outnumbered).
  1512 | D:3      | 1512 ||| INVOKING Spit Poison.
  1517 | D:3      | 1517 ||| INVOKING Spit Poison.
  1522 | D:3      | 1522 ||| INVOKING Spit Poison.
  1528 | D:3      | 1528 ||| INVOKING Spit Poison.
  1530 | D:3      | Killed Robin
  1685 | D:3      | Found a runed translucent gate.
  1686 | D:3      | Found a runed translucent gate.
  1686 | D:3      | Noticed qw's ghost (weakling GrHu)
  1687 | D:3      | Found a runed translucent gate.
  1691 | D:3      | Identified the +7 short sword of Conscience {drain, rElec
                  | Str-5 SInv}
  1707 | D:3      | Reached skill level 3 in Fighting
  1725 | D:3      | 1725 ||| INVOKING Spit Poison.
  1728 | D:3      | 1728 ||| INVOKING Spit Poison.
  1786 | D:3      | 1786 ||| INVOKING Spit Poison.
  1790 | D:3      | 1790 ||| INVOKING Spit Poison.
  1794 | D:3      | Reached XP level 5. HP: 47/49 MP: 5/5
  1794 | D:3      | 1794 ||| INVOKING Spit Poison.
  1886 | D:3      | 1886 ||| INVOKING Spit Poison.
  1899 | D:3      | 1899 ||| INVOKING Spit Poison.
  2048 | D:3      | 2048 ||| INVOKING Spit Poison.
  2143 | D:3      | 2143 ||| UPGRADING to +0 helmet.
  2148 | D:3      | 2148 ||| DROPPING ring of ice.
  2149 | D:3      | 2149 ||| UPGRADING to ring of protection from cold.
  2150 | D:3      | 2150 ||| DRINKING 2 yellow potions.
  2151 | D:3      | 2151 ||| READING 2 scrolls of identify.
  2151 | D:3      | 2151 ||| IDENTIFYING white potion
  2152 | D:3      | 2152 ||| DROPPING potion of degeneration.
  2170 | D:4      | 2170 ||| INVOKING Spit Poison.
  2196 | D:4      | 2196 ||| INVOKING Spit Poison.
  2216 | D:4      | 2216 ||| SWAPPING to +0 arbalest.
  2219 | D:4      | 2219 ||| INVOKING Spit Poison.
  2223 | D:4      | 2223 ||| INVOKING Spit Poison.
  2225 | D:4      | 2225 ||| DROPPING +0 shortbow.
  2225 | D:4      | Noticed a black bear
  2227 | D:4      | 2227 ||| INVOKING Spit Poison.
  2230 | D:4      | 2230 ||| INVOKING Spit Poison.
  2231 | D:4      | Killed a black bear
  2232 | D:4      | Reached skill level 6 in Ranged Weapons
  2232 | D:4      | Reached XP level 6. HP: 55/56 MP: 6/6
  2293 | D:4      | Found a burning altar of Makhleb.
  2368 | D:4      | 2368 ||| INVOKING Spit Poison.
  2372 | D:4      | Found Imiewkolo's Jewellery Shop.
  2381 | D:4      | 2381 ||| SHOPLISTING +6 ring of strength (468 gold, have
                  | 124).
  2381 | D:4      | 2381 ||| SHOPLISTING amulet "Uroit" {Faith Rampage +Inv
                  | Dex-2 Stlth-} (629 gold, have 124).
  2381 | D:4      | 2381 ||| SHOPLISTING amulet of faith (520 gold, have 124).
  2381 | D:4      | 2381 ||| SHOPLISTING ring "Xoomes" {Contam rC+ Str+3
                  | Slay+5} (698 gold, have 124).
  2381 | D:4      | 2381 ||| SHOPLISTING ring of resist corrosion (260 gold,
                  | have 124).
  2580 | D:4      | Found a sacrificial altar of Ru.
  2584 | D:4      | 2584 ||| INVOKING Spit Poison.
  2775 | D:4      | 2775 ||| UPGRADING to +0 pair of gloves.
  2780 | D:4      | 2780 ||| READING scroll labelled VAIMNI BOFAME.
  2781 | D:4      | 2781 ||| DRINKING 2 fuming inky potions.
  2782 | D:4      | 2782 ||| READING 2 scrolls of identify.
  2782 | D:4      | 2782 ||| IDENTIFYING pink potion
  2783 | D:4      | 2783 ||| DROPPING potion of brilliance.
  2815 | D:5      | Entered Level 5 of the Dungeon
  2816 | D:5      | 2816 ||| INVOKING Spit Poison.
  2819 | D:5      | 2819 ||| INVOKING Spit Poison.
  2820 | D:5      | 2820 ||| STAIRDANCE
  2824 | D:4      | HP: 10/57 [killer bee (8)]
  2825 | D:4      | 2825 ||| INVOKING Spit Poison.
  2825 | D:4      | HP: 4/57 [killer bee (2)]
  2826 | D:4      | Slain by a killer bee

Levels and vault maps discovered:
D:1:      erik_arrival_cave_to_civilisation [erik_arrival_cave_to_hall],
          layout_basic, minmay_pentomino_w4
D:2:      layout_basic, shapermc_ecumenical_altar_acropolis, serial_shops, shop,
          nicolae_kite_square_tiling_tiny
D:3:      layout_basic, biasface_ghost_orc_armoury, minmay_misc_feat_nine_boxes,
          uniq_robin
D:4:      layout_cave_pods, lemuel_tele_altar, nicolae_ru_awakened_eye,
          serial_shops, shop
D:5:      layout_loops_corners, vehumet_statue, reono_crystal_passage

Skill      XL: |  1  2  3  4  5 |
---------------+----------------+-----
Ranged Weapons | 4 5 6 |  6.2
Fighting       | 3 |  3.8
Dodging        | |  1.5
Stealth        | |  1.5

Action                     |  1- 3 |  4- 6 || total
---------------------------+-------+-------++-------
   Fire: Shortbow          |    60 |    63 ||   123
         Arbalest          |       |    23 ||    23
Ability: Spit Poison       |    27 |    32 ||    59
    Use: Scroll            |     4 |     3 ||     7
         Potion            |       |     3 ||     3
 Armour: Leather armour    |     6 |    24 ||    30
  Dodge: Dodged            |    16 |    34 ||    50
  Block: Other             |       |    19 ||    19
         Reflection        |       |     1 ||     1

Table legend:
 A = Non-vault XP
 B = Vault XP
 C = Vault XP percentage of total XP
 D = Non-vault monster count
 E = Vault monster count
 F = Vault count percentage of total count
                 A         B        C        D         E       F
            +---------+---------+-------+---------+---------+-------
      Total |     426 |      51 |  10.7 |      64 |      21 |  24.7
            +---------+---------+-------+---------+---------+-------
        D:1 |      17 |      15 |  46.9 |      11 |       8 |  42.1
        D:2 |      59 |       0 |   0.0 |      18 |       0 |   0.0
        D:3 |      75 |      36 |  32.4 |      21 |      13 |  38.2
        D:4 |     214 |       0 |   0.0 |      13 |       0 |   0.0
        D:5 |      61 |       0 |   0.0 |       1 |       0 |   0.0
            +---------+---------+-------+---------+---------+-------
